 Dungeon Crawl Stone Soup version 0.19.0-9-gfd783f2 (webtiles) character file.

18 dobroeutro the Shooter (level 2, -1/24 HPs)
             Began as a Centaur Hunter on Nov 7, 2016.
             Slain by a hobgoblin
             ... wielding a +0 club
              (2 damage)
             ... on level 1 of the Dungeon.
             The game lasted 00:00:48 (621 turns).

dobroeutro the Shooter (Centaur Hunter)              Turns: 621, Time: 00:00:48

Health: -1/24      AC:  4    Str: 14    XL:     2   Next: 48%
Magic:  2/2        EV:  9    Int: 10    God:
Gold:   55         SH:  0    Dex:  9    Spells: 0 memorised, 1 level left

rFire  . . .     SeeInvis .     b - +0 short sword
rCold  . . .     Gourm    .     c - +0 leather armour
rNeg   . . .     Faith    .     (no shield)
rPois  .         Spirit   .     (no helmet)
rElec  .         Reflect  .     (no cloak)
rCorr  .         Harm     .     (no gloves)
MR     .....                    (no barding)
Stlth  +.........               (no amulet)
                                (no ring)
                                (no ring)

@: very quick
A: hooves 3, deformed body, speed 2, tough skin 3
a: no special abilities


You were on level 1 of the Dungeon.
You were not hungry.

You visited 1 branch of the dungeon, and saw 1 of its levels.

You collected 55 gold pieces.

Inventory:

Hand Weapons
 a - a +1 shortbow
 b - a +0 short sword (weapon)
Missiles
 d - 39 arrows
Armour
 c - a +0 leather armour (worn)
Jewellery
 g - an uncursed ring of ice {unknown}
Scrolls
 i - a scroll of noise {unknown}
 p - 2 scrolls of remove curse {unknown}
 s - a scroll of identify {unknown}
Potions
 e - a potion of cancellation {unknown}
 j - a potion of flight {unknown}
 k - a potion of magic {unknown}
 l - a potion of invisibility {unknown}
 n - a potion of curing {unknown}
 r - 2 potions of haste {unknown}
 t - a potion of agility {unknown}
Comestibles
 f - a bread ration
 m - 5 fruits
 o - a slice of pizza
 q - a meat ration
 u - a beef jerky


   Skills:
 - Level 2.0 Fighting
 + Level 6.2 Bows
 - Level 1.3 Dodging
 - Level 0.4 Stealth


You had one spell level left.
You didn't know any spells.

Dungeon Overview and Level Annotations

Branches:
Dungeon (1/15)

Altars:


Innate Abilities, Weirdness & Mutations

You have hooves in place of feet.
Armour fits poorly on your strangely shaped body.
You cover ground very quickly.
You have extremely tough skin. (AC +3)


Message History

Found a cloak.
You hit the hobgoblin. Your kick misses the hobgoblin.
The hobgoblin is lightly wounded.
The hobgoblin hits you with a club.
* * * LOW HITPOINT WARNING * * *
You are too injured to fight recklessly!
You are too injured to fight recklessly!
You are too injured to fight recklessly!
You are too injured to fight recklessly!
You hit the hobgoblin.
The hobgoblin is heavily wounded.
The hobgoblin hits you with a club.
* * * LOW HITPOINT WARNING * * *
You barely miss the hobgoblin. Your kick misses the hobgoblin.
The hobgoblin is heavily wounded.
The hobgoblin hits you but does no damage.
You closely miss the hobgoblin.
The hobgoblin is heavily wounded.
The hobgoblin hits you with a club.
You die...

####...(...#
#........##....( #....(..#
#........##.....
##.......###...............
............................
###.......###..............#
#.......###########......#
..........................#
###########.#########......#
#@# #......# ### #g#
####..## #.. ... ##.## #.#
#.... #..# #.# #....[ ##.#
#.# #...... #.# #.#####
#....... #.. ##.#...#
################## ##.
...#...###
#...≈≈≈≈...#.....# ##.


You could see a hobgoblin.

Vanquished Creatures
  A leopard gecko (D:1)
  A giant cockroach (D:1)
  2 goblins (D:1)
  4 jackals (D:1)
  3 kobolds (D:1)
  A bat (D:1)
  A frilled lizard (D:1)
  2 rats (D:1)
15 creatures vanquished.

Notes
Turn   | Place    | Note
-------+----------+-------------------------------------------
     0 | D:1      | dobroeutro the Centaur Hunter began the quest for the Orb.
     0 | D:1      | Reached XP level 1. HP: 17/17 MP: 1/1
   203 | D:1      | Reached XP level 2. HP: 5/24 MP: 2/2
   272 | D:1      | Reached skill level 6 in Bows
   619 | D:1      | HP: 1/24 [hobgoblin/club (3)]
   621 | D:1      | Slain by a hobgoblin

Skill      XL: |  1  2 |
---------------+-------+-----
Bows           | 6 |  6.2
Fighting       | |  2.0
Dodging        | |  1.3
Stealth        | |  0.4

Action                   || total
-------------------------++-------
Melee: Short sword       ||    72
       Kick              ||     7
Armor: Leather armour    ||    27
Dodge: Dodged            ||    44
